 Dungeon Crawl Stone Soup version 0.23-a0-639-ga9a3373214 (webtiles) character file.

101893 HereIgoKillingAgain the Warrior (level 16, -5/152 HPs)
             Began as a Hill Orc Fighter on Dec 29, 2018.
             Was the Champion of the Shining One.
             Slain by a moth of wrath (6 damage)
             ... on level 1 of the Spider Nest.
             The game lasted 00:45:30 (32253 turns).

HereIgoKillingAgain the Warrior (Hill Orc Fighter) Turns: 32253, Time: 00:45:31

Health: -5/152     AC: 23    Str: 26    XL:     16   Next: 31%
Magic:  19/19      EV: 10    Int:  8    God:    the Shining One [******]
Gold:   519        SH:  0    Dex: 10    Spells: 15/15 levels left

rFire    + + .     SeeInvis .   b - +10 morningstar "Eos" {elec, Halo rElec}
rCold    + . .     Gourm    .   M - +0 shield of Claustrophobia {rF++ rN+ MR+ Slay-4} (curse)
rNeg     + + +     Faith    .   c - quicksilver dragon scales
rPois    .         Spirit   .   j - +1 helmet
rElec    +         Reflect  +   (no cloak)
rCorr    .         Harm     .   (no gloves)
MR       +++..                  y - +1 pair of boots
Stlth    ..........             A - +2 amulet of reflection
HPRegen  0.00/turn              q - +3 ring of protection
MPRegen  0.16/turn              G - ring of protection from cold

@: confused, berserk cooldown, slowed, glowing, very slow
A: inhibited regeneration
a: Divine Shield, Cleansing Flame, Summon Divine Warrior, Brand Weapon With Holy
Wrath, Renounce Religion


You were on level 1 of the Spider Nest.
You worshipped the Shining One.
The Shining One was exalted by your worship.
You were very hungry.

You visited 5 branches of the dungeon, and saw 25 of its levels.
You also visited: Ossuary.

You collected 2933 gold pieces.
You spent 2414 gold pieces at shops.

Inventory:

Hand Weapons
 b - the +10 morningstar "Eos" (weapon) {elec, Halo rElec}
   (You bought it in a shop on level 8 of the Dungeon)

   Occasionally, upon striking a foe, it will discharge some electrical energy
   and cause terrible harm.
   It insulates you from electricity.
Armour
 c - quicksilver dragon scales (worn)
 j - a +1 helmet (worn)
 y - a +1 pair of boots (worn)
 M - the cursed +0 shield of Claustrophobia (worn) {rF++ rN+ MR+ Slay-4}
   (You found it on level 9 of the Dungeon)

   It affects your accuracy and damage with ranged weapons and melee attacks
   (-4).
   It greatly protects you from fire.
   It protects you from negative energy.
   It affects your resistance to hostile enchantments.
   It has a curse placed upon it.
Jewellery
 e - an uncursed ring of protection from fire
 q - a +3 ring of protection (left hand)
 u - a +5 ring of strength
 A - a +2 amulet of reflection (around neck)
 G - a ring of protection from cold (right hand)
Wands
 d - a wand of paralysis (4)
 k - a wand of iceblast (20)
 w - a wand of flame (9)
 H - a wand of disintegration (20)
 Q - a wand of polymorph (16)
Scrolls
 g - 5 scrolls of identify
 m - a scroll of brand weapon
 n - 9 scrolls of remove curse
 o - 5 scrolls of magic mapping
 p - 2 scrolls of blinking
 r - 4 scrolls of amnesia
 s - a scroll of immolation
 x - 3 scrolls of enchant armour
 B - 2 scrolls of enchant weapon
 D - a scroll of fear
 F - 4 scrolls of fog
 I - a scroll of silence
Potions
 a - a potion of might
 h - 5 potions of curing
 i - 5 potions of brilliance
 l - 2 potions of agility
 t - 3 potions of cancellation
 v - 3 potions of mutation
 z - 7 potions of flight
 C - 4 potions of magic
 N - a potion of ambrosia
Comestibles
 f - 38 rations


   Skills:
 + Level 16.6 Fighting
   Level 16.1(17.8) Axes
 * Level 11.6(14.2) Maces & Flails
 + Level 14.2 Armour
 * Level 14.2 Shields
 * Level 5.1 Invocations


You had 15 spell levels left.
You didn't know any spells.
Your spell library contained the following spells:

 Spells                   Type           Power        Failure   Level  Hunger
 Animate Skeleton         Necr           N/A          54%         1    ##.....
 Beastly Appendage        Tmut           #.....       54%         1    ##.....
 Pain                     Necr           #...         54%         1    ##.....
 Shock                    Conj/Air       #...         54%         1    ##.....
 Summon Small Mammal      Summ           #...         54%         1    ##.....
 Call Imp                 Summ           #.......     67%         2    ###....
 Sticks to Snakes         Tmut           #.......     67%         2    ###....
 Swiftness                Chrm/Air       #.......     67%         2    ###....
 Call Canine Familiar     Summ           #.......     88%         3    ####...
 Regeneration             Chrm/Necr      #.........   88%         3    ####...
 Spider Form              Tmut/Pois      #.........   88%         3    ####...
 Static Discharge         Conj/Air       #.......     88%         3    ####...
 Summon Guardian Golem    Hex/Summ       #.......     88%         3    ####...
 Vampiric Draining        Necr           #.........   88%         3    ####...
 Airstrike                Air            #.........   99%         4    #####..
 Animate Dead             Necr           N/A          99%         4    #####..
 Ice Form                 Ice/Tmut       #.......     99%         4    #####..
 Summon Ice Beast         Ice/Summ       #.......     99%         4    #####..
 Summon Lightning Spire   Summ/Air       #.......     99%         4    #####..
 Blade Hands              Tmut           #.........   100%        5    ######.
 Lightning Bolt           Conj/Air       #.........   100%        5    ######.


Dungeon Overview and Level Annotations

Branches:
Dungeon (15/15)            Temple (1/1) D:5            Lair (6/6) D:11
 Shoals (0/4) Lair:2       Spider (1/4) Lair:3        Slime (0/5) Lair:6
    Orc (2/2) D:11            Elf (0/3) Orc:2        Vaults (0/5) D:14
 Depths (0/5) D:15

Altars:
Ashenzari
Elyvilon
Gozag
Hepliaklqana
Kikubaaqudgha
Makhleb
Nemelex Xobeh
Okawaru
Qazlal
Ru
Sif Muna
Trog
Uskayaw
Vehumet
Wu Jian
Xom
Yredelemnul
Zin
The Shining One
Beogh
Jiyva

Shops:
D:6 ?}   D:8 (   Orc:2 *%[[:

Portals:
Trove: D:15 (give 8 potions of haste)

Annotations:
D:3 1 runed door


Innate Abilities, Weirdness & Mutations

You do not regenerate when monsters are visible.


Message History

The jumping spider closely misses you.
The jumping spider bites you but does no damage.
The tarantella bites you but does no damage.
Unknown command.
You spit the jumping spider like a pig!!!
Lightning courses through the jumping spider!
You kill the jumping spider!
The tarantella bites you!
* * * LOW HITPOINT WARNING * * *
The moth of wrath barely misses you.
Unknown command.
You bump into the rock wall.
You are no longer berserk.
You are exhausted.
You feel yourself slow down.
The tarantella bites you but does no damage.
The jumping spider leaps!
The jumping spider pounces on you but does no damage.
The jumping spider closely misses you. The moth of wrath bites you.
You die...

.....
.#...
.^..#
^...#
#....#.
.......
##....#
##ys°..#
#@ss#.....
#s### ###
###


You could see a wolf spider, a moth of wrath, a jumping spider, a tarantella
(berserk) and a redback.

Vanquished Creatures
  2 ettins
  A fire dragon (Lair:6)
  Josephine (Orc:2)
  2 ice dragons
  An ogre mage (D:15)
  10 hydras
  3 centaur warriors
  A death knight (D:15)
  3 death yaks (Lair:3)
  4 two-headed ogres
  Urug (D:11)
  The ghost of D1HalberdGnoll the Basher, a novice FoAK of Lugonu (D:13)
  4 orc high priests
  2 tengu warriors (D:15)
  2 unseen horrors
  5 skeletal warriors (D:15)
  A swamp dragon (shapeshifter) (D:15)
  2 lindwurms (Lair:6)
  A necromancer (D:15)
  A wolf spider zombie (D:15)
  2 phantasmal warriors
  10 orc knights
  A wolf spider (Lair:3)
  An orb spider (Lair:3)
  5 manticores
  5 orc sorcerers
  A stone giant zombie (D:15)
  A tengu skeleton (D:15)
  A cyclops (D:13)
  A deep elf mage (D:15)
  8 ugly things
  3 black mambas
  A guardian serpent (shapeshifter) (D:14)
  6 centaur skeletons
  A black mamba (shapeshifter) (D:14)
  5 gargoyles
  8 spiny frogs
  5 torpor snails (Lair:6)
  An elf zombie (D:15)
  A rime drake (Lair:3)
  4 komodo dragons
  2 freezing wraiths (D:15)
  12 trolls
  14 polar bears
  A jumping spider (Spider:1)
  4 tengu conjurers
  A hornet (shapeshifter) (D:14)
  3 tyrant leeches (Lair:6)
  9 hornets
  3 raiju (Lair:6)
  Grinder (D:6)
  6 hippogriffs
  5 slime creatures (D:14)
  11 blink frogs (Lair:4)
  3 dream sheep
  2 redbacks (Lair:3)
  A spriggan (shapeshifter) (D:14)
  A tarantella (Lair:3)
  7 wraiths
  2 water elementals (D:14)
  6 wyverns
  A vampire (D:11)
  43 yaks
  3 basilisks
  A hungry ghost (D:8)
  4 vampire mosquitoes
  A steam dragon (D:9)
  13 wargs
  A human zombie (D:15)
  A water moccasin (shapeshifter) (D:13)
  9 water moccasins
  2 acid dragons (D:15)
  2 soldier ants
  12 hell hounds (Lair:6)
  4 porcupines
  42 orc warriors
  13 black bears
  A hornet zombie (D:15)
  2 ice beasts
  6 sky beasts
  3 eyes of draining
  A phantom (D:10)
  15 ogres
  24 wolves
  11 centaurs
  5 big kobolds
  10 crocodiles
  Blork the orc (D:7)
  21 bullfrogs
  2 gnoll sergeants
  5 water moccasin zombies (Ossuary)
  A wyvern zombie (D:15)
  3 scorpions
  4 killer bees (D:10)
  2 howler monkeys (D:7)
  An electric eel (Lair:2)
  4 bullfrog zombies
  3 centaur zombies
  11 crimson imps
  7 hounds
  25 orc priests
  5 jellies
  A quasit (D:8)
  3 bullfrog skeletons
  3 iguanas
  41 orc wizards
  9 worker ants
  A killer bee zombie (D:9)
  5 big kobold zombies (Ossuary)
  2 mummies (Ossuary)
  15 gnolls
  8 adders
  4 shadow imps
  2 white imps (Lair:5)
  An ooze (D:1)
  2 adder zombies (Ossuary)
  A dart slug (D:1)
  4 leopard geckos
  109 orcs
  5 giant cockroaches
  A gnoll zombie (D:7)
  6 goblins
  9 hobgoblins
  11 jackals
  14 kobolds
  A quokka (D:8)
  2 ball pythons
  2 bats (D:1)
  3 frilled lizards (D:1)
  A goblin zombie (D:7)
  3 hobgoblin zombies (Ossuary)
  4 kobold zombies (Ossuary)
  7 orc zombies (Ossuary)
  7 rats
  5 fungi
  2 plants
832 creatures vanquished.

Vanquished Creatures (others)
  A centaur (D:13)
  An orc priest (Orc:2)
  4 orcs
  6 fungi
  21 plants
  A withered plant (D:15)
34 creatures vanquished.

Grand Total: 866 creatures vanquished

Notes
Turn   | Place    | Note
-------+----------+-------------------------------------------
     0 | D:1      | HereIgoKillingAgain the Hill Orc Fighter began the quest
                  | for the Orb.
     0 | D:1      | Reached XP level 1. HP: 19/19 MP: 1/1
    53 | D:1      | Reached XP level 2. HP: 22/26 MP: 2/2
   264 | D:1      | Reached XP level 3. HP: 25/31 MP: 3/3
   448 | D:2      | Reached skill level 5 in Axes
   495 | D:2      | Reached XP level 4. HP: 14/39 MP: 4/4
  1186 | D:3      | Found a runed door.
  1333 | D:3      | Reached XP level 5. HP: 43/45 MP: 5/5
  1763 | D:3      | Found a sparkling altar of Nemelex Xobeh.
  1973 | D:4      | Reached XP level 6. HP: 39/51 MP: 6/6
  2413 | D:4      | Found a stormy altar of Qazlal.
  2800 | D:5      | Entered Level 5 of the Dungeon
  3008 | D:5      | Found a staircase to the Ecumenical Temple.
  3038 | D:5      | Found a glowing silver altar of Zin.
  3480 | D:6      | Reached XP level 7. HP: 57/57 MP: 7/7
  3582 | D:6      | Found Zeipriv's Gadget Boutique.
  3643 | D:6      | Reached skill level 10 in Axes
  3650 | D:6      | Found an iron altar of Okawaru.
  3727 | D:6      | Noticed Grinder
  3742 | D:6      | Paralysed by Grinder for 3 turns
  3747 | D:6      | Killed Grinder
  4024 | D:6      | Found Ejol's Magic Scroll Boutique.
  4066 | D:6      | Bought a scroll of fear for 45 gold pieces
  4066 | D:6      | Bought a scroll of enchant weapon for 97 gold pieces
  4066 | D:6      | Bought a scroll of enchant armour for 97 gold pieces
  4066 | D:6      | Bought a scroll of teleportation for 39 gold pieces
  4066 | D:6      | Bought a scroll of identify for 26 gold pieces
  4066 | D:6      | Bought a scroll of fog for 26 gold pieces
  4267 | D:7      | Reached XP level 8. HP: 64/64 MP: 8/8
  4463 | D:7      | Found a sand-covered staircase.
  4476 | Ossuary  | Entered an ossuary
  5178 | D:7      | Noticed Blork the orc
  5208 | D:6      | Reached XP level 9. HP: 34/70 MP: 9/9
  5427 | D:7      | Killed Blork the orc
  5836 | D:7      | Reached skill level 15 in Axes
  6065 | Temple   | Entered the Ecumenical Temple
  6147 | Temple   | Became a worshipper of the Shining One
  6264 | D:6      | Bought a scroll of magic mapping for 45 gold pieces
  6540 | D:7      | Found a hide-covered altar of Uskayaw.
  6543 | D:7      | Found a glowing silver altar of Zin.
  6546 | D:7      | Found a shimmering altar of Xom.
  7078 | D:8      | Reached skill level 5 in Fighting
  7081 | D:8      | Reached XP level 10. HP: 21/81 MP: 10/10
  7433 | D:8      | Found Lubboll's Antique Weapon Emporium.
  7446 | D:8      | Reached skill level 5 in Armour
  7526 | D:8      | Reached * piety under the Shining One
  7568 | D:8      | Noticed a three-headed hydra
  7572 | D:8      | Killed a one-headed hydra
  7572 | D:8      | Reached skill level 5 in Shields
  7998 | D:9      | Noticed a two-headed ogre
  8021 | D:9      | Killed a two-headed ogre
  8021 | D:9      | Reached XP level 11. HP: 61/95 MP: 11/11
  8444 | D:9      | Reached ** piety under the Shining One
  8559 | D:9      | Got a twisted shield
  8570 | D:9      | Identified the cursed +0 shield of Claustrophobia {rF++ rN+
                  | MR+ Slay-4} (You found it on level 9 of the Dungeon)
  8918 | D:10     | Entered Level 10 of the Dungeon
  8978 | D:10     | Reached skill level 1 in Maces & Flails
  9239 | D:10     | Paralysed by a hornet for 2 turns
  9706 | D:11     | Found a staircase to the Orcish Mines.
  9758 | D:11     | Noticed a manticore
  9799 | D:11     | Killed a manticore
 10127 | D:11     | Noticed Urug
 10146 | D:11     | Killed Urug
 10146 | D:11     | Reached skill level 10 in Fighting
 10707 | D:11     | Paralysed by a hornet for 3 turns
 10714 | D:11     | Paralysed by a hornet for 3 turns
 11180 | D:11     | Found a staircase to the Lair.
 11414 | D:11     | Noticed a white ugly thing
 11424 | D:11     | Killed a white ugly thing
 11705 | Orc:1    | Entered Level 1 of the Orcish Mines
 11915 | Orc:1    | Reached *** piety under the Shining One
 12420 | Orc:1    | Noticed an orc knight
 12447 | Orc:1    | Reached XP level 12. HP: 90/108 MP: 12/12
 12890 | Orc:1    | Found a roughly hewn altar of Beogh.
 13852 | D:12     | Noticed a two-headed ogre
 13886 | D:12     | Killed a two-headed ogre
 14160 | Lair:1   | Entered Level 1 of the Lair of Beasts
 14173 | Lair:1   | Reached skill level 10 in Shields
 14600 | Lair:1   | Reached skill level 5 in Maces & Flails
 15069 | Lair:2   | Noticed a four-headed hydra
 15077 | Lair:2   | Killed a one-headed hydra
 15092 | Lair:2   | Found a staircase to the Shoals.
 15546 | Lair:2   | Got a smelly leather armour
 15558 | Lair:2   | Identified the +2 leather armour of the Hurricane {-Cast
                  | rN+ Str+3} (You found it on level 2 of the Lair of Beasts)
 15978 | Lair:3   | Noticed a seven-headed hydra
 15989 | Lair:3   | Killed a one-headed hydra
 16149 | Lair:3   | Noticed a death yak
 16150 | Lair:3   | Noticed a death yak
 16150 | Lair:3   | Noticed a death yak
 16176 | Lair:3   | Killed a death yak
 16192 | Lair:3   | Killed a death yak
 16192 | Lair:3   | Reached XP level 13. HP: 35/119 MP: 11/13
 16489 | Lair:3   | Reached skill level 10 in Armour
 16741 | Lair:3   | Found a hole to the Spider Nest.
 17089 | Lair:3   | Reached **** piety under the Shining One
 17433 | Lair:3   | You fall through a shaft for 3 floors!
 17433 | Lair:6   | Entered Level 6 of the Lair of Beasts
 17526 | Lair:6   | Found a staircase to the Slime Pits.
 17527 | Lair:6   | Found a viscous altar of Jiyva.
 18610 | Lair:5   | Noticed an ice dragon
 18671 | Lair:5   | Killed an ice dragon
 19230 | Lair:5   | Got a faintly glowing leather armour
 19232 | Lair:5   | Identified the +2 leather armour "Folech" {rElec rC- Int+5}
                  | (You found it on level 5 of the Lair of Beasts)
 20538 | Lair:4   | Reached XP level 14. HP: 132/132 MP: 14/14
 21992 | Lair:6   | Reached ***** piety under the Shining One
 22550 | Lair:6   | Found a runed door.
 22614 | Lair:6   | Paralysed by a hornet for 3 turns
 22638 | Lair:6   | Paralysed by a hornet for 1 turns
 22647 | Lair:6   | Paralysed by a hornet for 2 turns
 23046 | Lair:6   | Reached skill level 15 in Fighting
 25353 | D:13     | Found a runed door.
 25370 | D:13     | Noticed D1HalberdGnoll's ghost (novice FoAK)
 26264 | D:14     | Reached XP level 15. HP: 136/143 MP: 5/15
 26281 | D:14     | Found a roughly hewn altar of Beogh.
 26725 | D:14     | Reached ****** piety under the Shining One
 27190 | D:8      | Bought the +10 morningstar "Eos" {elec, Halo rElec} for
                  | 1924 gold pieces
 27190 | D:8      | Found the +10 morningstar "Eos" {elec, Halo rElec}
 27338 | Orc:2    | Entered Level 2 of the Orcish Mines
 27748 | Orc:2    | Noticed Josephine
 27755 | Orc:2    | Killed Josephine
 27796 | Orc:2    | Found Cycybo's Book Boutique.
 27903 | Orc:2    | Found a staircase to the Elven Halls.
 27923 | Orc:2    | Reached skill level 10 in Maces & Flails
 28296 | Orc:2    | Found a roughly hewn altar of Beogh.
 28507 | Orc:2    | Gained mutation: You do not regenerate when monsters are
                  | visible. [a neqoxec]
 28938 | Orc:2    | Found Jireigin's Antique Armour Emporium.
 28938 | Orc:2    | Found Togialon's Armour Shop.
 28944 | Orc:2    | Found Saeblerch's Food Shop.
 28944 | Orc:2    | Found Pezel's Assorted Antiques.
 28953 | Orc:2    | Bought a potion of might for 92 gold pieces
 28953 | Orc:2    | Bought a scroll labeled VUSMI ZONAXTAM for 23 gold pieces
 29150 | D:13     | Killed D1HalberdGnoll's ghost
 29798 | D:14     | Found a gate to the Vaults.
 29846 | D:15     | Entered Level 15 of the Dungeon
 29922 | D:15     | Found a staircase to the Depths.
 29956 | D:15     | Reached skill level 1 in Invocations
 30054 | D:15     | Reached XP level 16. HP: 49/152 MP: 17/17
 30616 | D:15     | Found a portal to a secret trove of treasure.
 31717 | Lair:3   | Reached skill level 5 in Invocations
 31719 | Spider:1 | Entered Level 1 of the Spider Nest
 32251 | Spider:1 | HP: 10/228 [moth of wrath (14)]
 32252 | Spider:1 | HP: 2/228 [tarantella (8)]
 32253 | Spider:1 | Slain by a moth of wrath

Vault maps used:
D:1:      giann_horns, eino_curves_04
D:2:      uniq_sigmund
D:3:      minmay_tree_intersection, roderic_lattice_a, minivault_24,
          nemelex_spade_bored_becter, uniq_crazy_yiuf_cottage
D:4:      overflow_temple_1_default, first_ration,
          minmay_fractal_squares_gapless_5
D:5:      minmay_temple_entry_hall, basic_altar
D:6:      okawaru_ov_weapons_minmay, serial_shops, nicolae_shop_waterfront,
          shop, minivault_11, uniq_grinder
D:7:      grunt_temple_overflow_diamond, enter_ossuary_3, sword_in_stone
D:8:      serial_shops, shop, hangedman_ranch, st_stairs_10
D:9:      minmay_between
D:11:     lair_entry_dummy, david_orc_2, uniq_urug
D:13:     ebering_ghost_inner_flame, st_stairs_14, grunt_potential
D:14:     david_vaults_4, special_room, minivault_1
D:15:     gammafunk_depths_entry_grave, chequers_serial_rivers_room_a,
          enter_trove_3, minmay_fractal_squares_diagonal_5
Temple:   minmay_crystal_spiral_temple
Lair:2:   minmay_shoals_entry_centaurs, infiniplex_staircase_pool
Lair:3:   nicolae_spider_entry_orb_guardian
Lair:4:   beast_lair_carwin_6, grunt_megastairs_2, serial_bayou_shore_b,
          infiniplex_staircase_pool_2
Lair:5:   bobbens_ice_dragon_lair, lemuel_fruit_fields, serial_bayou_shore_a
Lair:6:   wormcave, hangedman_lair_caniforms_friends, slime_altar_1,
          serial_rivers, chequers_serial_rivers_micro_d,
          chequers_serial_rivers_small_3, chequers_serial_rivers_room_b,
          chequers_serial_rivers_large_a, serial_bayou_shore_b
Orc:1:    mines2_david
Orc:2:    grunt_orc_tribal_feast, basic_altar, guppyfry_orc_lava_fort,
          uniq_josephine
Ossuary:  ossuary_tomb_2

Skill      XL: |  1  2  3  4  5  6  7  8  9 10 11 12 13 14 15 16 |
---------------+-------------------------------------------------+-----
Axes           | 3 4 5 6 8 9 11 14 16 | 16.1
Fighting       | 5 8 10 12 14 15 16 | 16.6
Armour         | 4 6 7 9 11 13 14 | 14.2
Shields        | 6 9 10 11 12 13 14 | 14.2
Maces & Flails | 3 5 7 9 11 | 11.6
Invocations    | 2 5 |  5.1

Action                   |  1- 3 |  4- 6 |  7- 9 | 10-12 | 13-15 | 16-18 || total
-------------------------+-------+-------+-------+-------+-------+-------++-------
Melee: War axe           |    65 |     6 |       |       |       |       ||    71
       Hand axe          |       |   176 |   504 |  1144 |  1662 |       ||  3486
       Morningstar       |       |       |       |       |   388 |   136 ||   524
Invok: Divine Shield     |       |       |       |     1 |     2 |       ||     3
Evoke: Wand              |       |       |     1 |    12 |    17 |     3 ||    33
  Use: Scroll            |       |       |    11 |    12 |    15 |       ||    38
       Potion            |       |       |     2 |    10 |    13 |       ||    25
  Eat: Chunk             |       |     8 |     9 |    17 |    22 |       ||    56
       Ration            |       |       |     1 |     4 |     7 |     2 ||    14
Armor: Scale mail        |    22 |       |       |       |       |       ||    22
       Plate armour      |     4 |   111 |   181 |   159 |       |       ||   455
       Quicksilver drago |       |       |       |   175 |   737 |    79 ||   991
       Skin              |       |       |       |    14 |       |       ||    14
Dodge: Dodged            |    17 |    22 |    38 |   188 |   555 |    51 ||   871
Block: Shield            |    26 |    65 |   139 |   609 |  1401 |   105 ||  2345
       Reflection        |       |       |     3 |    10 |    24 |     2 ||    39

Table legend:
 A = Non-vault XP
 B = Vault XP
 C = Vault XP percentage of total XP
 D = Non-vault monster count
 E = Vault monster count
 F = Vault count percentage of total count
                 A         B        C        D         E       F
            +---------+---------+-------+---------+---------+-------
      Total |   90406 |   55156 |  37.9 |     571 |     257 |  31.0
            +---------+---------+-------+---------+---------+-------
        D:1 |      40 |       0 |   0.0 |      21 |       0 |   0.0
        D:2 |      62 |       0 |   0.0 |       8 |       0 |   0.0
        D:3 |     117 |       0 |   0.0 |      21 |       0 |   0.0
        D:4 |     304 |       1 |   0.3 |      14 |       1 |   6.7
        D:5 |      91 |       0 |   0.0 |       5 |       0 |   0.0
        D:6 |     204 |     395 |  65.9 |      10 |       2 |  16.7
        D:7 |    1508 |     455 |  23.2 |      27 |       6 |  18.2
        D:8 |    1669 |    2416 |  59.1 |      26 |      10 |  27.8
        D:9 |    2412 |     229 |   8.7 |      24 |       2 |   7.7
       D:10 |    2143 |       0 |   0.0 |      30 |       0 |   0.0
       D:11 |    3156 |    1151 |  26.7 |      34 |       8 |  19.0
       D:12 |    4768 |       0 |   0.0 |      29 |       0 |   0.0
       D:13 |    5220 |    4189 |  44.5 |      30 |      12 |  28.6
       D:14 |    8198 |    4228 |  34.0 |      39 |      24 |  38.1
       D:15 |   18711 |    6900 |  26.9 |      46 |      15 |  24.6
     Lair:1 |    3653 |       0 |   0.0 |      18 |       0 |   0.0
     Lair:2 |    1713 |     340 |  16.6 |       7 |       3 |  30.0
     Lair:3 |   11326 |     595 |   5.0 |      36 |       1 |   2.7
     Lair:4 |    7376 |    1948 |  20.9 |      24 |       8 |  25.0
     Lair:5 |    6222 |    1050 |  14.4 |      21 |       3 |  12.5
     Lair:6 |    1347 |   17143 |  92.7 |       8 |      74 |  90.2
   Spider:1 |     306 |       0 |   0.0 |       1 |       0 |   0.0
      Orc:1 |    5496 |    2499 |  31.3 |      61 |      16 |  20.8
      Orc:2 |    4364 |   11039 |  71.7 |      31 |      44 |  58.7
    Ossuary |       0 |     578 | 100.0 |       0 |      28 | 100.0
            +---------+---------+-------+---------+---------+-------
